 Dungeon Crawl Stone Soup version 0.27.0-1-g7a089689b8 (webtiles) character file.

Game seed: 16007447541053154812

563 ZombieSheep the Fighter (level 7, -1/63 HPs)
             Began as a Gnoll Wanderer on Aug 6, 2021.
             Was a Priest of Vehumet.
             Slain by an acid dragon (5 damage)
             ... on level 5 of the Dungeon.
             The game lasted 00:08:12 (4910 turns).

ZombieSheep the Fighter (Gnoll Wanderer)            Turns: 4910, Time: 00:08:12

Health: -1/63      AC:  3    Str: 14    XL:     7   Next: 32%
Magic:  10/10      EV: 14    Int: 11    God:    Vehumet [***...]
Gold:   233        SH:  4    Dex: 11    Spells: 10/10 levels left

rFire    . . .     SeeInvis .   a - +4 short sword (vamp)
rCold    . . .     Faith    .   d - +0 buckler
rNeg     . . .     Spirit   .   i - +0 scale mail
rPois    .         Reflect  .   (no helmet)
rElec    .         Harm     .   (no cloak)
rCorr    +         Rampage  .   (no gloves)
Will     .....                  g - +0 pair of boots
Stlth    +.........             (no amulet)
HPRegen  0.20/turn              b - +4 ring of evasion
MPRegen  0.12/turn              p - ring of resist corrosion

@: mighty, corroded
A: fangs 1, strong nose, distributed training
a: Renounce Religion


You were on level 5 of the Dungeon.
You worshipped Vehumet.
Vehumet was most pleased with you.
You visited 1 branch of the dungeon, and saw 5 of its levels.

You collected 233 gold pieces.

Inventory:

Hand Weapons
 a - a +4 vampiric short sword (weapon)
 c - a +0 short sword
 h - a +3 dagger
 n - a +2 dagger
Missiles
 f - 11 boomerangs (quivered)
Armour
 d - a +0 buckler (worn)
 g - a +0 pair of boots (worn)
 i - a +0 scale mail (worn)
 m - a +0 ring mail
Jewellery
 b - a +4 ring of evasion (left hand)
 p - a ring of resist corrosion (right hand)
Potions
 j - a potion of attraction
 o - a potion of degeneration {unknown}


   Skills:
 + Level 8.9 Fighting
 + Level 2.4 Short Blades
 + Level 2.4 Long Blades
 + Level 2.4 Axes
 + Level 2.4 Maces & Flails
 + Level 2.4 Polearms
 + Level 5.2 Staves
 + Level 2.4 Slings
 + Level 2.4 Bows
 + Level 2.4 Crossbows
 + Level 2.4 Throwing
 + Level 2.4 Armour
 + Level 3.5 Dodging
 + Level 4.8 Stealth
 + Level 3.5 Shields
 + Level 2.4 Unarmed Combat
 + Level 2.4 Spellcasting
 + Level 2.0 Conjurations
 + Level 2.0 Hexes
 + Level 2.0 Summonings
 + Level 2.0 Necromancy
 + Level 2.0 Translocations
 + Level 2.0 Transmutations
 + Level 2.0 Fire Magic
 + Level 2.0 Ice Magic
 + Level 2.0 Air Magic
 + Level 2.0 Earth Magic
 + Level 2.0 Poison Magic
 + Level 2.6 Invocations
 + Level 2.4 Evocations


You had 10 spell levels left.
You didn't know any spells.
Your spell library contained the following spells:

 Spells                   Type           Power      Damage    Failure   Level
 Dazzling Flash           Conj/Hex       10%        N/A       36%         3
 Apportation              Tloc           10%        N/A       47%         1
 Slow                     Hex            5%         N/A       63%         2
 Confusing Touch          Hex            5%         N/A       85%         3
 Vampiric Draining        Necr           2%         2d6       85%         3
 Alistair's Intoxication  Tmut/Pois      3%         N/A       100%        5
 Invisibility             Hex            2%         N/A       100%        6


Dungeon Overview and Level Annotations

Branches:
Dungeon (5/15)             Temple (0/1) D:5

Altars:
Hepliaklqana
Sif Muna
Uskayaw
Vehumet
Yredelemnul

Annotations:
D:3 3 runed translucent doors, JerBear56's ghost, amateur GrBe
D:4 3 runed translucent doors, AlmostDecent's ghost, novice GrFi; RascalDebosk's ghost, amateur DrFi; Spaninq's ghost, amateur DEAM; SweetAndFullOfGrace's ghost, amateur DjFi; benadryl's ghost, amateur TeWr


Innate Abilities, Weirdness & Mutations

You have very sharp teeth.
Your uncanny sense of smell can sniff out nearby items.
Your experience applies equally to all skills.


Message History

You barely miss the acid dragon.
The acid dragon is heavily wounded.
The acid dragon bites you! The acid dragon claws you.
You completely miss the acid dragon.
You bite the acid dragon, but do no damage.
The acid dragon is heavily wounded.
The acid dragon bites you but does no damage.
You block the acid dragon's attack.
You closely miss the acid dragon.
The acid dragon is heavily wounded.
The acid dragon barely misses you. The acid dragon closely misses you.
You hit the acid dragon but do no damage.
The acid dragon is heavily wounded.
The acid dragon closely misses you. x2
You hit the acid dragon.
You feel better.
The acid dragon is severely wounded.
The acid dragon spits acid at you. The splash of acid hits you! You resist.
You are splashed with acid!
You resist.
You hit the acid dragon but do no damage.
You bite the acid dragon, but do no damage.
The acid dragon is severely wounded.
The acid dragon bites you!
* * * LOW HITPOINT WARNING * * *
The acid dragon claws you.
* * * LOW HITPOINT WARNING * * *
It was a potion of might.
You feel very mighty all of a sudden. The acid dragon bites you.
* * * LOW HITPOINT WARNING * * *
The acid dragon claws you but does no damage.
You hit the acid dragon.
The acid dragon is almost dead.
The acid dragon bites you.
* * * LOW HITPOINT WARNING * * *
The acid dragon claws you but does no damage.
You barely miss the acid dragon.
The acid dragon is almost dead.
The acid dragon bites you.
You die...

##### # #...
#####.###.####
#.....D@.....#.#
#
#.##...##.##....
.# #.... #.#
#.##. ##...
#.####.#.. ##.#
#......... #.
#.####.#.# #.
#..###.# #+
##..)..# #.>...#


You could see an acid dragon.

Vanquished Creatures
  An ice beast (D:3)
  An ogre (D:4)
  A water moccasin skeleton (D:4)
  A hound (D:2)
  An orc priest (D:3)
  A bullfrog skeleton (D:5)
  An iguana (D:3)
  2 orc wizards
  3 gnolls (D:2)
  4 adders
  2 worms (D:4)
  2 dart slugs
  14 orcs
  5 ball pythons
  7 endoplasms
  2 giant cockroaches
  7 goblins
  5 hobgoblins
  10 jackals
  A quokka (D:1)
  8 bats
  4 frilled lizards
  6 kobolds
  6 rats
95 creatures vanquished.

Notes
Turn   | Place    | Note
-------+----------+-------------------------------------------
     0 | D:1      | ZombieSheep the Gnoll Wanderer began the quest for the Orb.
     0 | D:1      | ZombieSheep set off with the following items: a +2 dagger,
                  | a potion of heal wounds, a +0 short sword, a +0 buckler, a
                  | +0 robe
     0 | D:1      | Reached XP level 1. HP: 26/26 MP: 1/1
   227 | D:1      | Reached XP level 2. HP: 29/33 MP: 2/2
   739 | D:1      | Reached XP level 3. HP: 30/38 MP: 3/3
  1327 | D:2      | Reached skill level 1 in Short Blades
  1327 | D:2      | Reached skill level 1 in Long Blades
  1327 | D:2      | Reached skill level 1 in Axes
  1327 | D:2      | Reached skill level 1 in Maces & Flails
  1327 | D:2      | Reached skill level 1 in Polearms
  1327 | D:2      | Reached skill level 1 in Slings
  1327 | D:2      | Reached skill level 1 in Bows
  1327 | D:2      | Reached skill level 1 in Crossbows
  1327 | D:2      | Reached skill level 1 in Throwing
  1327 | D:2      | Reached skill level 1 in Armour
  1327 | D:2      | Reached skill level 1 in Unarmed Combat
  1327 | D:2      | Reached skill level 1 in Spellcasting
  1327 | D:2      | Reached skill level 1 in Invocations
  1327 | D:2      | Reached skill level 1 in Evocations
  1327 | D:2      | Reached XP level 4. HP: 38/45 MP: 3/5
  1390 | D:2      | Found a faded altar of an unknown god.
  1428 | D:2      | Became a worshipper of Vehumet
  1428 | D:2      | Reached * piety under Vehumet
  1428 | D:2      | Offered knowledge of Freeze by Vehumet.
  1644 | D:2      | Reached skill level 1 in Conjurations
  1644 | D:2      | Reached skill level 1 in Hexes
  1644 | D:2      | Reached skill level 1 in Summonings
  1644 | D:2      | Reached skill level 1 in Necromancy
  1644 | D:2      | Reached skill level 1 in Translocations
  1644 | D:2      | Reached skill level 1 in Transmutations
  1644 | D:2      | Reached skill level 1 in Fire Magic
  1644 | D:2      | Reached skill level 1 in Ice Magic
  1644 | D:2      | Reached skill level 1 in Air Magic
  1644 | D:2      | Reached skill level 1 in Earth Magic
  1644 | D:2      | Reached skill level 1 in Poison Magic
  1836 | D:2      | Reached XP level 5. HP: 49/51 MP: 6/6
  2134 | D:2      | Offered knowledge of Searing Ray by Vehumet.
  2403 | D:3      | Reached ** piety under Vehumet
  2841 | D:3      | Found a runed translucent gate.
  2841 | D:3      | Found a runed translucent gate.
  2841 | D:3      | Found a runed translucent gate.
  2843 | D:3      | Noticed JerBear56's ghost (amateur GrBe)
  3130 | D:3      | Reached XP level 6. HP: 57/57 MP: 8/8
  3637 | D:4      | Found a runed translucent gate.
  3637 | D:4      | Found a runed translucent gate.
  3637 | D:4      | Found a runed translucent gate.
  3637 | D:4      | Noticed Spaninq's ghost (amateur DEAM)
  3637 | D:4      | Noticed AlmostDecent's ghost (novice GrFi)
  3637 | D:4      | Noticed RascalDebosk's ghost (amateur DrFi)
  3637 | D:4      | Noticed benadryl's ghost (amateur TeWr)
  3637 | D:4      | Noticed SweetAndFullOfGrace's ghost (amateur DjFi)
  3637 | D:4      | Noticed an ice beast
  3662 | D:3      | Killed an ice beast
  3663 | D:3      | Reached skill level 5 in Staves
  4042 | D:4      | Reached XP level 7. HP: 63/63 MP: 10/10
  4059 | D:4      | Offered knowledge of Dazzling Flash by Vehumet.
  4066 | D:4      | Found a basalt altar of Yredelemnul.
  4450 | D:4      | Found a shimmering blue altar of Sif Muna.
  4714 | D:4      | Found a hazy altar of Hepliaklqana.
  4714 | D:4      | Found a hide-covered altar of Uskayaw.
  4825 | D:5      | Entered Level 5 of the Dungeon
  4862 | D:5      | Reached *** piety under Vehumet
  4874 | D:5      | Found a staircase to the Ecumenical Temple.
  4910 | D:5      | Slain by an acid dragon

Illustrated notes

Levels and vault maps discovered:
D:1:      ncdulo_smallfort, layout_loops_corners
D:2:      layout_rooms, basic_ecumenical_altar
D:3:      layout_basic, gammafunk_ghost_necromancy
D:4:      layout_loops_ring, kennysheep_mini_moat, lemuel_blue_sif_altar,
          amethyst_overflow_temple_binary, gammafunk_ghost_cemetery
D:5:      cheibrodos_thug_alley, layout_loops_corners,
          minmay_temple_entry_offerings, serial_bayou_pond_a,
          minmay_misc_feat_cross, uniq_menkaure, uniq_ijyb, uniq_edmund

Skill      XL: |  1  2  3  4  5  6  7 |
---------------+----------------------+-----
Short Blades   | 1 2 |  2.4
Long Blades    | 1 2 |  2.4
Axes           | 1 2 |  2.4
Maces & Flails | 1 2 |  2.4
Polearms       | 1 2 |  2.4
Slings         | 1 2 |  2.4
Bows           | 1 2 |  2.4
Crossbows      | 1 2 |  2.4
Throwing       | 1 2 |  2.4
Armour         | 1 2 |  2.4
Unarmed Combat | 1 2 |  2.4
Spellcasting   | 1 2 |  2.4
Invocations    | 1 2 |  2.6
Evocations     | 1 2 |  2.4
Conjurations   | 1 2 |  2.0
Hexes          | 1 2 |  2.0
Summonings     | 1 2 |  2.0
Necromancy     | 1 2 |  2.0
Translocations | 1 2 |  2.0
Transmutations | 1 2 |  2.0
Fire Magic     | 1 2 |  2.0
Ice Magic      | 1 2 |  2.0
Air Magic      | 1 2 |  2.0
Earth Magic    | 1 2 |  2.0
Poison Magic   | 1 2 |  2.0
Dodging        | 3 |  3.5
Shields        | 3 |  3.5
Staves         | 5 |  5.2
Fighting       | |  8.9
Stealth        | |  4.8

Action                   |  1- 3 |  4- 6 |  7- 9 || total
-------------------------+-------+-------+-------++-------
Melee: Dagger            |    72 |    60 |       ||   132
       Bite              |     2 |    18 |     8 ||    28
       Short sword       |       |   146 |    65 ||   211
Throw: Boomerang         |     2 |     2 |       ||     4
  Use: Scroll            |       |     6 |     2 ||     8
       Potion            |       |     1 |     1 ||     2
 Stab: Sleeping          |     5 |     5 |     1 ||    11
Armor: Robe              |    12 |    21 |       ||    33
       Ring mail         |       |    31 |       ||    31
       Scale mail        |       |       |    10 ||    10
Dodge: Dodged            |    36 |   100 |    31 ||   167
Block: Buckler           |     8 |    27 |    10 ||    45
